 Dungeon Crawl Stone Soup version 0.31.0-32-g396128a36d (webtiles) character file.

Game seed: 3141281152720496597

1088 Learn2swim the Chopper (level 8, -3/68 (70) HPs)
             Began as a Minotaur Fighter on Apr 6, 2024.
             Slain by a two-headed ogre
             ... wielding a +0 giant club
              (12 damage)
             ... on level 9 of the Dungeon.
             The game lasted 00:21:05 (2546 turns).

Learn2swim the Chopper (Minotaur Fighter)           Turns: 2546, Time: 00:21:16

HP:   -3/68 (70)    AC: 11    Str: 22    XL:     8   Next: 9%
MP:   7/7           EV: 10    Int:  5    God:
Gold: 147           SH: 10    Dex: 11    Spells: 7/7 levels left

rFire   . . .        a - +0 war axe
rCold   . . .        c - +0 buckler
rNeg    . . .        b - +0 scale mail
rPois   .            (helmet restricted)
rElec   .            (no cloak)
rCorr   .            (no gloves)
SInv    .            (no boots)
Will    .....        u - amulet of reflection Stlth
                     h - +4 ring of protection
HPRegen 0.31/turn    (no ring)
MPRegen 0.10/turn

%: reflection
@: lightly drained
A: horns 2, retaliatory headbutt
a: no special abilities


You were on level 9 of the Dungeon.
You visited 1 branch of the dungeon, and saw 8 of its levels.

You collected 147 gold pieces.

Inventory:

Hand Weapons
 a - a +0 war axe (weapon)
 d - a +0 giant spiked club
 p - a +0 great sword
 z - a +1 short sword of protection
Armour
 b - a +0 scale mail (worn)
 c - a +0 buckler (worn)
 i - a +0 ring mail
 m - a +0 ring mail
 n - a +1 robe of positive energy
 q - a +0 scale mail
Jewellery
 h - a +4 ring of protection (left hand)
 k - a ring of resist corrosion
 r - a ring of fire
 s - an amulet of regeneration
 u - an amulet of reflection (around neck)
 v - an amulet of regeneration
Talismans
 o - a serpent talisman
Wands
 w - a wand of polymorph (12)
Scrolls
 f - 3 scrolls of fear {unknown}
 g - 4 scrolls of revelation {unknown}
 j - 6 scrolls of identify {unknown}
 t - a scroll of fog {unknown}
 y - 2 scrolls of teleportation {unknown}
Potions
 e - 3 potions of haste {unknown}
 l - 4 potions of curing {unknown}


   Skills:
 + Level 5.6 Fighting
 + Level 7.6 Axes
 + Level 6.2 Armour
 + Level 2.4 Dodging
 + Level 0.3 Stealth
 + Level 5.8 Shields


You had 7 spell levels left.
You didn't know any spells.
Your spell library contained the following spells:

 Spells                   Type           Power      Damage    Failure   Level
 Animate Dead             Necr           0%         N/A       100%        4
 Borgnjor's Vile Clutch   Necr/Erth      0%         N/A       100%        5
 Death Channel            Necr           0%         N/A       100%        6


Dungeon Overview and Level Annotations

Branches:
Dungeon (7/15)             Temple (0/1) D:7

Altars:
Fedhas
Vehumet

Shops:
D:3 =


Innate Abilities, Weirdness & Mutations

You have a pair of horns on your head.
You reflexively headbutt those who attack you in melee.


Message History

The two-headed ogre hits you with a +0 giant club!
You block the two-headed ogre's attack.
A centaur comes into view.
The wight barely misses you.
A wraith comes into view.
The two-headed ogre barely misses you. x2
You completely miss the two-headed ogre.
You feel yourself speed up. You block the wight's attack.
An orc wizard comes into view. It is wielding a +0 dagger.
The orc wizard casts a spell.
The orc wizard flickers and vanishes!
Deactivating autopickup; reactivate with Ctrl-A.
The two-headed ogre barely misses you.
The two-headed ogre hits you with a +0 giant club!
The wight barely misses you.
You hear a shout! x3
You slash the two-headed ogre!
You headbutt the two-headed ogre, but do no damage.
The two-headed ogre is lightly wounded.
The wight hits you from afar with a +0 halberd.
You feel drained.
A troll comes into view.
You feel much better. You block the two-headed ogre's attack.
The two-headed ogre barely misses you. The wight closely misses you.
You hit the two-headed ogre. You headbutt the two-headed ogre!
The two-headed ogre is heavily wounded.
The wight misses you.
An orc warrior comes into view. It is wielding a +1 war axe of venom.
An orc comes into view. It is wielding a +0 dagger.
The two-headed ogre closely misses you.
The two-headed ogre hits you with a +0 giant club!!
You hit the two-headed ogre.
Your headbutt misses the two-headed ogre.
The two-headed ogre is heavily wounded.
You block the wight's attack.
The two-headed ogre hits you with a +0 giant club!!
* * * LOW HITPOINT WARNING * * *
The two-headed ogre hits you with a +0 giant club!
You die...

###
#@##
#O#.#
#c###z#
#T# #c#
#.# #.#
#.# #W#
#.# #o#
.# #o#
#.


You could see a two-headed ogre, a troll, a wraith, an orc warrior, 2 centaurs,
a wight and an orc.

Vanquished Creatures
  A wraith (D:9)
  Duvessa (D:7)
  An ice beast (D:6)
  An ogre (D:5)
  2 bullfrogs
  3 scorpions
  Dowan (D:7)
  2 hounds
  A jelly (D:5)
  A sleepcap (D:4)
  A gnoll bouda (D:5)
  3 gnolls (D:5)
  7 adders
  4 ufetubi (D:7)
  2 ribbon worms
  2 dart slugs
  2 orcs
  A ball python (D:1)
  4 endoplasms
  A giant cockroach (D:1)
  4 hobgoblins
  3 jackals (D:3)
  5 kobolds
  3 quokkas
  3 bats (D:1)
  4 frilled lizards
  6 goblins
  A rat (D:3)
70 creatures vanquished.

Vanquished Creatures (others)
  A jelly (D:5)
1 creature vanquished.

Grand Total: 71 creatures vanquished

Notes
Turn   | Place    | Note
-------+----------+-------------------------------------------
     0 | D:1      | Learn2swim the Minotaur Fighter began the quest for the
                  | Orb.
     0 | D:1      | Reached XP level 1. HP: 19/19 MP: 0/0
   211 | D:1      | Reached XP level 2. HP: 27/27 MP: 1/1
   643 | D:2      | Reached XP level 3. HP: 33/33 MP: 2/2
  1333 | D:3      | Found Cycaad's Jewellery Shop.
  1436 | D:4      | Reached skill level 3 in Axes
  1436 | D:4      | Reached XP level 4. HP: 38/41 MP: 3/3
  1640 | D:5      | Entered Level 5 of the Dungeon
  1640 | D:5      | Noticed a bullfrog
  1647 | D:5      | Reached XP level 5. HP: 40/47 MP: 4/4
  1650 | D:5      | Reached skill level 4 in Axes
  1650 | D:5      | Reached skill level 5 in Armour
  1650 | D:5      | Reached skill level 1 in Dodging
  1677 | D:5      | Reached XP level 6. HP: 53/53 MP: 5/5
  1792 | D:5      | Reached skill level 5 in Axes
  1846 | D:5      | Reached skill level 5 in Shields
  1995 | D:5      | Reached XP level 7. HP: 60/60 MP: 6/6
  2082 | D:6      | Reached skill level 5 in Fighting
  2082 | D:6      | Reached skill level 6 in Axes
  2181 | D:6      | Found a blossoming altar of Fedhas.
  2273 | D:6      | Found a radiant altar of Vehumet.
  2335 | D:7      | Noticed Duvessa
  2338 | D:7      | Noticed Dowan
  2347 | D:7      | Killed Duvessa
  2348 | D:7      | Reached skill level 7 in Axes
  2359 | D:7      | Killed Dowan
  2532 | D:7      | Found a staircase to the Ecumenical Temple.
  2532 | D:7      | You fall into a shaft and drop 2 floors!
  2533 | D:9      | Noticed a wraith
  2539 | D:9      | Noticed a two-headed ogre
  2540 | D:9      | Killed a wraith
  2541 | D:9      | Reached XP level 8. HP: 62/70 MP: 7/7
  2543 | D:9      | Noticed a troll
  2546 | D:9      | Slain by a two-headed ogre

Illustrated notes

Levels and vault maps discovered:
D:1:      minmay_arrival_four_loops, layout_loops_ring, serial_park_tiny_2,
          minmay_cupped
D:2:      layout_basic, basic_altar, chequers_decorated_corner,
          kennysheep_generic_room_8, uniq_crazy_yiuf_cottage
D:3:      layout_basic, serial_shops, nicolae_shop_peninsula
D:4:      layout_rooms, cheibrodos_sewer_entry_sluice
D:5:      layout_loops_ring, nrook_campfire, nicolae_sextant
D:6:      kennysheep_spiral_hall, layout_loops_ring,
          mainiacjoe_overflow_tiny_flanked, nicolae_elyvilon_temple_path,
          kennysheep_little_box, fiery_altar_vehumet
D:7:      layout_loops_ring, minmay_temple_entry_tees,
          kennysheep_generic_room_12, uniq_duvessa
D:9:      minmay_imperfect_grid, layout_basic, kennysheep_mini_moat,
          uniq_maurice

Skill      XL: |  1  2  3  4  5  6  7 |
---------------+----------------------+-----
Shields        | 4 5 |  5.8
Armour         | 4 5 6 |  6.2
Fighting       | 4 5 |  5.6
Axes           | 3 4 5 7 |  7.6
Dodging        | 1 2 |  2.4
Stealth        | |  0.3

Action                     |  1- 3 |  4- 6 |  7- 9 || total
---------------------------+-------+-------+-------++-------
  Melee: War axe           |    73 |    64 |    68 ||   205
         Headbutt          |     9 |    17 |    11 ||    37
    Use: Potion            |       |     2 |     1 ||     3
 Armour: Scale mail        |    62 |    31 |    40 ||   133
  Dodge: Dodged            |    34 |    33 |    39 ||   106
  Block: Buckler           |    17 |    28 |    38 ||    83
